 Dungeon Crawl Stone Soup version 0.22.1-1-ga44c0e56f4 (webtiles) character file.

532038 Elric the Conqueror (level 24, -25/249 HPs)
             Began as a Minotaur Fighter on Nov 8, 2018.
             Was the Champion of Okawaru.
             Killed from afar by a Brimstone Fiend (38 damage)
             ... with damnation
             ... summoned by a deep elf demonologist
             ... on level 5 of the Vaults on Nov 9, 2018.
             The game lasted 02:22:43 (63699 turns).

Elric the Conqueror (Minotaur Fighter)             Turns: 63699, Time: 02:22:43

Health: -25/249    AC: 52    Str: 29    XL:     24   Next: 99%
Magic:  0/24       EV: 18    Int:  9    God:    Okawaru [******]
Gold:   3066       SH: 22    Dex: 14    Spells: 23/23 levels left

rFire    . . .     SeeInvis .   s - +2 Maxwell's thermic engine {flame, freeze}
rCold    + . .     Gourm    .   c - +5 shield
rNeg     + + +     Faith    .   N - +9 crystal plate armour {rC+}
rPois    .         Spirit   +   C - +1 hat of Okawaru's Condemnation {rC+ Int+4}
rElec    .         Reflect  +   X - scarf {Spirit}
rCorr    .         Harm     .   j - +3 pair of gloves "Zewor" {-Tele rF- rN+++ MR+++}
MR       ++++.     NoTele   +   y - +1 pair of boots
Stlth    ..........             d - +2 amulet of reflection
HPRegen  0.51/turn              m - ring of fire
MPRegen  0.19/turn              Q - +6 ring of protection

@: lethally poisoned (-25 -> -25), very slightly contaminated, hasted,
invisible, very quick
A: retaliatory headbutt, horns 2, low mp 1, no potion heal 1
}: 2/15 runes: serpentine, barnacled
a: Heroism, Finesse, Renounce Religion


You were on level 5 of the Vaults.
You worshipped Okawaru.
Okawaru was exalted by your worship.
You were not hungry.

You visited 8 branches of the dungeon, and saw 44 of its levels.
You also visited: Ice Cave.

You collected 5838 gold pieces.
You spent 2772 gold pieces at shops.

Inventory:

Hand Weapons
 s - the +2 Maxwell's thermic engine (weapon) {flame, freeze}
   (You found it on level 1 of the Depths)

   It has been specially enchanted to burn those struck by it, causing extra
   injury to most foes and up to half again as much damage against particularly
   susceptible opponents.
   Big, fiery blades are also staple armaments of hydra-hunters.
Armour
 c - a +5 shield (worn)
 j - the +3 pair of gloves "Zewor" (worn) {-Tele rF- rN+++ MR+++}
   (You found it on level 4 of the Vaults)

   It makes you vulnerable to fire.
   It renders you almost immune to negative energy.
   It affects your resistance to hostile enchantments.
   It prevents most forms of teleportation.
 y - a +1 pair of boots (worn)
 C - the +1 hat of Okawaru's Condemnation (worn) {rC+ Int+4}
   (Okawaru gifted it to you on level 4 of the Vaults)

   It affects your intelligence (+4).
   It protects you from cold.
 N - a +9 crystal plate armour of cold resistance (worn)
 U - a +2 pair of gloves of archery
 X - a scarf of spirit shield (worn)
 Z - a +0 hat of magic resistance
Jewellery
 d - a +2 amulet of reflection (around neck)
 g - an uncursed ring of protection from magic
 m - a ring of fire (left hand)
 p - the ring "Olepar" {+Fly rC++ Str-3 Dex+2 Stlth-}
   (You took it off a deep elf blademaster on level 3 of the Elven Halls)

   [ring of attention]

   It affects your strength (-3).
   It affects your dexterity (+2).
   It greatly protects you from cold.
   It lets you fly.
   It makes you less stealthy.
 O - an uncursed ring of protection from magic
 Q - a +6 ring of protection (right hand)
 S - an uncursed ring of poison resistance
Wands
 H - a wand of acid (20)
 K - a wand of paralysis (49)
 R - a wand of digging (34)
 V - a wand of scattershot (9)
Scrolls
 h - 14 scrolls of identify
 l - 11 scrolls of remove curse
 o - 3 scrolls of random uselessness
 q - 14 scrolls of teleportation
 w - a scroll of holy word
 z - 6 scrolls of magic mapping
 B - 3 scrolls of fog
 D - 4 scrolls of fear
 E - 9 scrolls of amnesia
 G - 4 scrolls of blinking
 T - a scroll of summoning
 W - 3 scrolls of enchant weapon
Potions
 b - a potion of ambrosia
 e - 6 potions of brilliance
 i - 15 potions of curing
 k - a potion of invisibility
 r - a potion of resistance
 t - 4 potions of agility
 u - 7 potions of cancellation
 v - 2 potions of magic
 x - 3 potions of berserk rage
 A - 2 potions of heal wounds
 F - a potion of haste
 I - 3 potions of flight
 Y - 2 potions of might
Miscellaneous
 a - a phantom mirror
 n - a phial of floods
 J - a lamp of fire
 L - a fan of gales
 M - a lightning rod (4/4)
Comestibles
 f - 50 rations


   Skills:
 O Level 27 Fighting
 + Level 24.0 Long Blades
 + Level 22.5 Armour
 + Level 20.6 Dodging
 - Level 15.7 Shields
 - Level 7.6 Invocations


You had 23 spell levels left.
You didn't know any spells.
Your spell library contained the following spells:

 Spells                   Type           Power        Failure   Level  Hunger
 Apportation              Tloc           #.....       98%         1    ##.....
 Confusing Touch          Hex            #.....       98%         1    ##.....
 Corona                   Hex            #......      98%         1    ##.....
 Freeze                   Ice            #...         98%         1    ##.....
 Infusion                 Chrm           #...         98%         1    ##.....
 Magic Dart               Conj           #...         98%         1    ##.....
 Sandblast                Erth           #.....       98%         1    ##.....
 Sting                    Conj/Pois      #...         98%         1    ##.....
 Summon Butterflies       Summ           #.......     98%         1    ##.....
 Summon Small Mammal      Summ           #...         98%         1    ##.....
 Blink                    Tloc           N/A          99%         2    ###....
 Call Imp                 Summ           #.......     99%         2    ###....
 Ensorcelled Hibernation  Hex/Ice        #.....       99%         2    ###....
 Passwall                 Tmut/Erth      #.......     99%         2    ###....
 Poisonous Vapours        Pois/Air       #.....       99%         2    ###....
 Shroud of Golubria       Chrm/Tloc      #.........   99%         2    ###....
 Slow                     Hex            #.......     99%         2    ###....
 Song of Slaying          Chrm           #.......     99%         2    ###....
 Throw Frost              Conj/Ice       #.....       99%         2    ###....
 Call Canine Familiar     Summ           #.......     100%        3    ####...
 Confuse                  Hex            #.......     100%        3    ####...
 Conjure Flame            Conj/Fire      #.......     100%        3    ####...
 Dazzling Spray           Conj/Hex       #.....       100%        3    ####...
 Gell's Gravitas          Tloc           #.........   100%        3    ####...
 Lesser Beckoning         Tloc           #.........   100%        3    ####...
 Mephitic Cloud           Conj/Pois/Air  #.......     100%        3    ####...
 Ozocubu's Armour         Chrm/Ice       #.......     100%        3    ####...
 Recall                   Summ/Tloc      N/A          100%        3    ####...
 Regeneration             Chrm/Necr      #.........   100%        3    ####...
 Spectral Weapon          Hex/Chrm       #.......     100%        3    ####...
 Spider Form              Tmut/Pois      #.........   100%        3    ####...
 Stone Arrow              Conj/Erth      #.....       100%        3    ####...
 Summon Guardian Golem    Hex/Summ       #.......     100%        3    ####...
 Teleport Other           Tloc           #.......     100%        3    ####...
 Tukima's Dance           Hex            #.......     100%        3    ####...
 Animate Dead             Necr           N/A          100%        4    #####..
 Cause Fear               Hex            #.........   100%        4    #####..
 Petrify                  Tmut/Erth      #.......     100%        4    #####..
 Summon Ice Beast         Ice/Summ       #.......     100%        4    #####..
 Summon Lightning Spire   Summ/Air       #.......     100%        4    #####..
 Throw Icicle             Conj/Ice       #.......     100%        4    #####..
 Alistair's Intoxication  Tmut/Pois      #.......     100%        5    ######.
 Bolt of Draining         Conj/Necr      #.........   100%        5    ######.
 Borgnjor's Vile Clutch   Necr/Erth      #.........   100%        5    ######.
 Irradiate                Conj/Tmut      #.........   100%        5    ######.
 Iskenderun's Battlesphe  Conj/Chrm      #.......     100%        5    ######.
 Lee's Rapid Deconstruct  Erth           #.........   100%        5    ######.
 Metabolic Englaciation   Hex/Ice        #.........   100%        5    ######.
 Silence                  Hex/Air        #.........   100%        5    ######.
 Summon Mana Viper        Hex/Summ       #.......     100%        5    ######.
 Yara's Violent Unravell  Hex/Tmut       #.........   100%        5    ######.
 Conjure Ball Lightning   Conj/Air       #.........   100%        6    #######
 Death Channel            Necr           #.........   100%        6    #######
 Deflect Missiles         Chrm/Air       #.........   100%        6    #######
 Freezing Cloud           Conj/Ice/Air   #.........   100%        6    #######
 Hydra Form               Tmut           #.........   100%        6    #######
 Invisibility             Hex            #.......     100%        6    #######
 Ozocubu's Refrigeration  Ice            #.........   100%        6    #######
 Simulacrum               Ice/Necr       #.........   100%        6    #######
 Statue Form              Tmut/Erth      #........    100%        6    #######
 Dragon Form              Tmut           #.........   100%        7    #######
 Malign Gateway           Summ/Tloc      #.........   100%        7    #######
 Ring of Flames           Chrm/Fire      #.........   100%        7    #######
 Summon Hydra             Summ           #.........   100%        7    #######
 Discord                  Hex            #.........   100%        8    #######


Dungeon Overview and Level Annotations

Branches:
Dungeon (15/15)            Temple (0/1) D:6            Lair (6/6) D:8
 Shoals (4/4) Lair:4        Snake (4/4) Lair:2        Slime (0/5) Lair:6
    Orc (2/2) D:12            Elf (3/3) Orc:2        Vaults (5/5) D:13
  Crypt (0/3) Vaults:3     Depths (5/5) D:15            Zot (0/5) Depths:5

Altars:
Ashenzari
Fedhas
Gozag
Kikubaaqudgha
Makhleb
Nemelex Xobeh
Okawaru
Ru
Sif Muna
Xom
Yredelemnul
Zin
Beogh

Shops:
D:5 *::?%   D:8 :(   D:9 (   D:12 [   Orc:1 %   Orc:2 !%(   Elf:1 =}}   Elf:2 }
Shoals:2 !   Vaults:1 ?

Portals:
Hell: Depths:1 Depths:2 Depths:3 Depths:4 Depths:5
Abyss: Depths:4 Depths:5
Pandemonium: Depths:2 Depths:3 Depths:5
Ziggurat: Depths:5

Annotations:
D:12 1 transporter
D:15 exclusion: orange crystal statue
Lair:3 exclusion: oklob plant
Shoals:1 3 runed doors, exclusion: obsidian statue, Spyer's ghost, journeyman MiBe
Shoals:2 exclusion: Roxanne, Roxanne
Snake:1 2 transporters
Depths:1 3 runed doors


Innate Abilities, Weirdness & Mutations

You reflexively headbutt those who attack you in melee.
You have a pair of horns on your head.
Your magical capacity is low. (-10% MP)
Potions are less effective at restoring your health.


Message History

As you read the scroll of holy word, it crumbles to dust.
You speak a Word of immense power!
The Brimstone Fiend convulses!
The balrug convulses! x2; You feel sick.
The balrug is lost in a daze.
The Brimstone Fiend is lost in a daze.
Okay, then.
You fade into invisibility!
You feel sick.
The balrug is lost in a daze.
The Brimstone Fiend hits you but does no damage.
You block the Brimstone Fiend's attack. x2
You are very lightly contaminated with residual magic.
The vault warden activates a sealing rune.
You feel sick. The balrug gestures at you. The bolt of fire hits you!
* * * LOW HITPOINT WARNING * * *
The vault warden activates a sealing rune.
You feel sick. The Brimstone Fiend gestures at you.
The sphere of damnation explodes!
The damnation engulfs you!
You die...

....# #pD.#.. ....# ## #2##..
....# ###.# ##1#.. ....##.#.(
#.%... ....#...# #...#§#§.
.......# ...#.###§§.
...(.[#######################§§§.
.<<[[...............1...p§§§§§§$.
<.[<[........[..@...22...p§§§§§§.
.<<[[...............e....§§§§.§..
[................................
......#######################....
......# #+... ...(##+ ##.. ....#
#.. ....# .. ....#


You could see a Brimstone Fiend (dazed), 2 balrugs and a deep elf demonologist.

Vanquished Creatures
  Mennas (Depths:3)
  An ancient lich (Vaults:5)
  3 juggernauts
  Sojobo (Depths:5)
  Saint Roka (D:15)
  3 golden dragons
  2 bone dragons (Depths:5)
  Jory (Depths:3)
  Nikola (Depths:1)
  A Brimstone Fiend (Depths:1)
  An Ice Fiend (Depths:1)
  6 liches
  2 titans
  A deep elf master archer (Elf:3)
  A deep elf blademaster (Elf:3)
  Polyphemus (Shoals:3)
  4 krakens (Shoals:3)
  Gastronok (D:11)
  Kirke (Snake:1)
  A sphinx (Depths:4)
  Frances (D:14)
  2 shadow dragons
  A draconian monk (Depths:5)
  Agnes (Snake:1)
  2 storm dragons (shapeshifter) (Depths:4)
  Ilsuiw (Shoals:2)
  9 tengu reavers
  2 storm dragons
  7 nagarajas (Snake:4)
  An iron dragon (shapeshifter) (Depths:4)
  8 fire giants
  2 orc warlords
  20 vault wardens
  9 deep elf sorcerers
  7 frost giants
  2 iron dragons (Depths:4)
  7 deep elf elementalists
  2 draconian annihilators
  2 balrugs (Depths:1)
  A draconian shifter (Depths:5)
  6 war gargoyles
  28 very ugly things
  16 stone giants
  12 ironheart preservers
  A juggernaut skeleton (Depths:2)
  An entropy weaver (Vaults:2)
  5 deep elf demonologists
  2 lorocyprocas (Depths:4)
  7 deep elf annihilators
  A spark wasp (shapeshifter) (Depths:2)
  Azrael (D:15)
  3 red draconians (Depths:5)
  A purple draconian (Depths:5)
  7 spark wasps
  Snorg (Lair:3)
  7 ettins
  6 deep elf death magi
  2 blizzard demons (Depths:1)
  Josephine (Snake:1)
  7 great orbs of eyes
  2 crystal guardians
  8 fire dragons
  10 deep elf high priests
  10 yaktaur captains
  10 merfolk impalers
  A merfolk javelineer (Shoals:4)
  3 rakshasas
  4 hydras
  A peacekeeper (Vaults:3)
  31 vault guards
  16 naga warriors
  11 ice dragons
  An ice dragon (shapeshifter) (Depths:4)
  5 anacondas
  3 catoblepae (Shoals:3)
  7 spriggan air magi
  An anaconda (shapeshifter) (Vaults:2)
  10 centaur warriors
  2 juggernaut simulacra (Depths:4)
  3 merfolk avatars
  5 merfolk aquamancers
  A death knight (Vaults:4)
  A satyr (Shoals:3)
  3 alligator snapping turtles
  Erica (D:8)
  47 two-headed ogres
  3 tengu warriors
  A vampire mage (Depths:3)
  8 death yaks
  15 ogre magi
  A hell hog (Depths:3)
  16 naga sharpshooters
  10 deep troll shamans
  7 deep troll earth magi
  38 dancing weapons
  A shock serpent (shapeshifter) (Depths:2)
  2 spriggan berserkers
  2 orc high priests
  2 shock serpents
  Nergalle (Orc:1)
  6 sun demons (Depths:1)
  A storm dragon zombie (Vaults:4)
  26 deep elf knights
  4 iron trolls
  2 shadow wraiths
  2 salamander mystics
  A death drake (shapeshifter) (Depths:4)
  A flayed ghost (Depths:5)
  28 deep trolls
  3 glowing orange brains
  14 sea snakes
  An unseen horror (shapeshifter) (Vaults:2)
  7 wizards
  5 naga ritualists
  31 harpies
  14 orc knights
  11 deep elf archers
  A tengu zombie (Depths:1)
  5 necromancers
  16 ironbrand convokers
  52 ugly things
  5 orc sorcerers
  71 deep elf magi
  A fire giant zombie (Vaults:4)
  A wolf spider (Vaults:4)
  A manticore (shapeshifter) (Depths:1)
  3 mana vipers
  9 salamanders
  2 centaur zombies (D:12)
  7 cyclopes
  12 manticores
  2 elephants (shapeshifter)
  5 fauns
  A stone giant skeleton (Depths:2)
  5 elephants (Lair:6)
  2 human skeletons (Vaults:4)
  26 black mambas
  2 ice statues (IceCv)
  2 guardian serpents (Snake:1)
  A storm dragon simulacrum (Depths:2)
  13 merfolk sirens
  A spiny frog (shapeshifter) (Vaults:4)
  11 vault sentinels
  A torpor snail (Lair:3)
  7 water nymphs
  7 spiny frogs
  27 naga magi
  A yaktaur (shapeshifter) (Vaults:4)
  A human zombie (Vaults:4)
  5 centaur skeletons
  A gargoyle (D:13)
  6 freezing wraiths
  6 komodo dragons
  53 yaktaurs
  17 ice devils
  3 tengu conjurers
  A merfolk (shapeshifter) (Vaults:5)
  32 merfolk
  11 trolls
  A queen bee (shapeshifter) (Depths:1)
  2 hornets
  2 polar bears (Lair:1)
  2 wind drakes (shapeshifter) (Vaults:2)
  A polar bear (shapeshifter) (Vaults:3)
  3 wind drakes
  A hornet (shapeshifter) (Depths:5)
  Prince Ribbit (D:7)
  2 saltlings (Vaults:3)
  2 hippogriffs (shapeshifter)
  7 snapping turtles
  9 dream sheep
  An ice dragon zombie (Depths:1)
  7 blink frogs
  12 hippogriffs
  32 slime creatures
  An ettin zombie (Depths:2)
  A stone giant simulacrum (Vaults:4)
  3 redbacks (Vaults:2)
  9 wraiths
  3 wyverns
  A tarantella (shapeshifter) (Vaults:4)
  A shadow (D:11)
  3 air elementals
  A spriggan (D:7)
  A tarantella (Vaults:2)
  The ghost of Descartes the Vexing, an amateur VSEn of Elyvilon (D:4)
  20 humans (D:13)
  23 water elementals
  Grum (D:10)
  A basilisk (D:7)
  64 yaks
  9 fire elementals
  A hungry ghost (D:10)
  A golden eye (shapeshifter) (D:15)
  Menkaure (D:5)
  3 hogs (Snake:1)
  A vampire mosquito (D:14)
  A steam dragon (D:10)
  2 soldier ants
  7 wargs
  A soldier ant (shapeshifter) (Depths:4)
  40 nagas
  3 acid dragons
  7 water moccasins
  Duvessa (D:4)
  10 hell hounds
  11 porcupines
  4 sky beasts
  2 black bears
  2 hornet zombies
  3 ice beasts
  9 necrophages
  41 orc warriors
  3 phantoms
  22 centaurs
  36 ogres
  10 boggarts
  7 wolves
  13 bullfrogs
  18 crocodiles
  4 earth elementals
  Blork the orc (D:6)
  A glowing shapeshifter simulacrum (Vaults:4)
  A wyvern zombie (D:9)
  A yaktaur skeleton (Depths:1)
  A water moccasin zombie (D:7)
  Dowan (D:4)
  3 wyvern skeletons
  A hornet simulacrum (D:14)
  5 scorpions
  18 killer bees
  22 wights
  3 electric eels
  5 howler monkeys
  4 crimson imps
  3 quasits
  3 jellies
  34 orc wizards
  29 orc priests
  6 hounds
  6 bullfrog skeletons
  5 iguanas
  4 hell rats (Lair:6)
  10 worker ants
  A hound zombie (D:11)
  2 hound skeletons (D:10)
  A mummy (D:12)
  3 worker ant zombies
  10 gnolls
  14 adders
  A howler monkey skeleton (D:9)
  9 white imps
  7 ufetubi (IceCv)
  An ooze (D:2)
  An adder zombie (D:7)
  2 worms (D:3)
  2 dart slugs (D:3)
  3 leopard geckos (D:2)
  131 orcs
  8 bats
  9 giant cockroaches
  10 goblins
  12 hobgoblins
  9 kobolds
  6 quokkas
  A ball python (D:4)
  5 frilled lizards
  A leopard gecko skeleton (D:6)
  A quokka skeleton (D:4)
  7 rats
  5 crawling corpses (Elf:3)
  9 tentacles (Shoals:3)
2063 creatures vanquished.

Vanquished Creatures (collateral kills)
  A vault guard (Vaults:5)
1 creature vanquished.

Vanquished Creatures (others)
  A deep elf master archer (Elf:3)
  An ironheart preserver (Vaults:2)
  A reaper (IceCv)
  2 stone giants
  A deep elf annihilator (Depths:4)
  3 merfolk javelineers
  2 centaur warriors
  3 naga sharpshooters
  A hell hog (Depths:3)
  A deep elf knight (Vaults:2)
  3 deep elf archers
  2 deep elf magi (Elf:2)
  A cyclops (Orc:1)
  9 yaktaurs
  3 humans
  5 centaurs
  2 white imps (IceCv)
  3 ufetubi (IceCv)
  3 orcs
  7 fungi
  29 plants
  34 tentacles (Shoals:3)
117 creatures vanquished.

Grand Total: 2181 creatures vanquished

Notes
Turn   | Place    | Note
-------+----------+-------------------------------------------
     0 | D:1      | Elric the Minotaur Fighter began the quest for the Orb.
     0 | D:1      | Reached XP level 1. HP: 19/19 MP: 0/0
   197 | D:1      | Reached XP level 2. HP: 23/27 MP: 1/1
   714 | D:2      | Reached skill level 4 in Fighting
   756 | D:2      | Reached XP level 3. HP: 33/33 MP: 2/2
  1101 | D:2      | Reached XP level 4. HP: 40/41 MP: 3/3
  1237 | D:3      | Found an iron altar of Okawaru.
  1551 | D:3      | Reached XP level 5. HP: 29/47 MP: 2/4
  1836 | D:3      | Found a faded altar of an unknown god.
  1911 | D:3      | Reached skill level 5 in Fighting
  1911 | D:3      | Reached skill level 5 in Armour
  2046 | D:3      | Reached skill level 5 in Shields
  2062 | D:3      | Became a worshipper of Warmaster Okawaru
  2210 | D:4      | Reached XP level 6. HP: 56/56 MP: 5/5
  2301 | D:4      | Found a sparkling altar of Nemelex Xobeh.
  2341 | D:4      | Noticed Descartes's ghost (amateur VSEn)
  2351 | D:4      | Found a runed gate.
  2351 | D:4      | Found a runed gate.
  2352 | D:4      | Found a roughly hewn altar of Beogh.
  2352 | D:4      | Found a runed gate.
  2512 | D:4      | Noticed Duvessa
  2512 | D:4      | Noticed Dowan
  2526 | D:4      | Killed Duvessa
  2526 | D:4      | Reached skill level 5 in Long Blades
  2526 | D:4      | Reached XP level 7. HP: 62/62 MP: 6/6
  2540 | D:4      | Killed Dowan
  2735 | D:4      | Reached skill level 6 in Fighting
  2743 | D:4      | Killed Descartes's ghost
  2743 | D:4      | Reached * piety under Okawaru
  2895 | D:5      | Entered Level 5 of the Dungeon
  2962 | D:5      | Found Efamea's Book Boutique.
  3024 | D:5      | Found Taboduff's General Store.
  3028 | D:5      | Noticed Menkaure
  3043 | D:5      | Killed Menkaure
  3043 | D:5      | Reached XP level 8. HP: 17/71 MP: 7/7
  3403 | D:5      | Reached skill level 7 in Fighting
  3408 | D:5      | Reached ** piety under Okawaru
  3526 | D:5      | Found Boskyl's Book Shoppe.
  3631 | D:5      | Found Untet's Food Shoppe.
  4073 | D:5      | Found Avosusef's Magic Scroll Shop.
  4076 | D:5      | Bought a scroll of enchant armour for 90 gold pieces
  4174 | D:6      | Found a shattered altar of Ashenzari.
  4324 | D:6      | Found a staircase to the Ecumenical Temple.
  4472 | D:6      | Noticed Blork the orc
  4483 | D:6      | Killed Blork the orc
  5095 | D:7      | Found a deep blue altar of Sif Muna.
  5139 | D:7      | Reached XP level 9. HP: 76/81 MP: 8/8
  5192 | D:7      | Reached skill level 8 in Fighting
  5296 | D:7      | Reached *** piety under Okawaru
  5581 | D:7      | Found a sparkling altar of Nemelex Xobeh.
  5808 | D:7      | Found a shimmering altar of Xom.
  5905 | D:7      | Noticed Prince Ribbit
  5914 | D:7      | Killed Prince Ribbit
  6002 | D:7      | Reached skill level 9 in Fighting
  6196 | D:8      | Reached **** piety under Okawaru
  6223 | D:8      | Reached skill level 1 in Dodging
  6245 | D:8      | Reached XP level 10. HP: 65/91 MP: 9/9
  6701 | D:8      | Found a staircase to the Lair.
  6741 | D:8      | Noticed Erica
  6764 | D:8      | Killed Erica
  6764 | D:8      | Reached ***** piety under Okawaru
  6764 | D:8      | Received a gift from Okawaru
  7039 | D:8      | Found an iron altar of Okawaru.
  7240 | D:8      | Found Vuablil's Antique Weapon Shoppe.
  7243 | D:8      | Bought an ichor-stained falchion for 208 gold pieces
  7243 | D:8      | Identified the +9 falchion "Jellybane" {chaos, +Inv rPois
                  | rF+ rC- MP+9} (You bought it in a shop on level 8 of the
                  | Dungeon)
  7304 | D:8      | Found Osaude Jius's Book Boutique.
  7445 | D:9      | Got an ancient amber ring
  7447 | D:9      | Identified the ring of Untruth {rCorr Dex+6 Slay-2} (You
                  | found it on level 9 of the Dungeon)
  7572 | D:9      | Found a burning altar of Makhleb.
  7590 | D:9      | Reached skill level 10 in Shields
  7651 | D:9      | Found a sacrificial altar of Ru.
  7655 | D:9      | Reached skill level 10 in Fighting
  7665 | D:9      | Reached skill level 10 in Armour
  7665 | D:9      | Reached skill level 5 in Dodging
  7834 | D:9      | Found a glowing silver altar of Zin.
  7861 | D:9      | Found Cyumomib's Antique Weapon Shop.
  8393 | D:10     | Entered Level 10 of the Dungeon
  8534 | D:10     | Reached XP level 11. HP: 97/100 MP: 10/10
  8616 | D:10     | Reached skill level 10 in Long Blades
  9002 | D:10     | Noticed Grum
  9042 | D:10     | Killed Grum
  9294 | D:10     | Received a gift from Okawaru
  9632 | D:11     | Noticed a two-headed ogre
  9640 | D:11     | Killed a two-headed ogre
  9640 | D:11     | Reached ****** piety under Okawaru
  9675 | D:11     | Noticed Gastronok
  9691 | D:11     | Killed Gastronok
  9979 | D:8      | Bought a brightly glowing falchion for 208 gold pieces
  9979 | D:8      | Identified the +5 falchion "Beastbane" {slice, rN+ MR+}
                  | (You bought it in a shop on level 8 of the Dungeon)
  9994 | Lair:1   | Entered Level 1 of the Lair of Beasts
 10003 | Lair:1   | Reached skill level 11 in Fighting
 10204 | Lair:1   | Received a gift from Okawaru
 10206 | Lair:1   | Got a transparent scale mail {god gift}
 10217 | Lair:1   | Identified the +9 scale mail "Ducuocom" {rPois rF+}
                  | (Okawaru gifted it to you on level 1 of the Lair of Beasts)
 10444 | Lair:1   | Reached XP level 12. HP: 110/110 MP: 11/11
 11216 | Lair:2   | Found a staircase to the Snake Pit.
 11569 | Lair:3   | Noticed Snorg
 11589 | Lair:3   | Killed Snorg
 11589 | Lair:3   | Reached skill level 1 in Invocations
 11722 | Lair:3   | Found a labyrinth entrance.
 12092 | Lair:3   | Reached skill level 12 in Fighting
 12575 | Lair:4   | Received a gift from Okawaru
 13045 | Lair:4   | Found a staircase to the Shoals.
 13393 | Lair:5   | Found a frozen archway.
 13433 | IceCv    | Entered an ice cave
 13477 | IceCv    | Reached XP level 13. HP: 66/119 MP: 15/15
 13620 | IceCv    | Killed a reaper
 13839 | IceCv    | Reached skill level 5 in Invocations
 14145 | IceCv    | Got a pair of faintly glowing boots
 14168 | IceCv    | Identified the -6 pair of boots of Happy Babbling {MR+
                  | Int+4 Dex+6} (You found it in an ice cave)
 14913 | IceCv    | Reached skill level 10 in Dodging
 16076 | Lair:6   | Entered Level 6 of the Lair of Beasts
 16136 | Lair:5   | Reached skill level 13 in Fighting
 16601 | Lair:6   | Received a gift from Okawaru
 16602 | Lair:6   | Got a jewelled hand crossbow {god gift}
 16797 | Lair:6   | Identified the +3 hand crossbow of Shrieking Terror {flame,
                  | +Fly rPois} (Okawaru gifted it to you on level 6 of the
                  | Lair of Beasts)
 17523 | Lair:6   | Found a staircase to the Slime Pits.
 18744 | D:11     | Identified a scroll of acquirement
 18745 | D:11     | Got an ancient buckler
 18757 | D:11     | Identified the +2 buckler "Reuphypp" {*Drain rPois rF++
                  | Str+4} (You acquired it on level 11 of the Dungeon)
 19337 | D:11     | Received a gift from Okawaru
 19433 | D:12     | Found Bumiuttioso's Antique Armour Shop.
 19645 | D:12     | Reached skill level 14 in Fighting
 19649 | D:12     | Reached XP level 14. HP: 132/132 MP: 18/18
 19766 | D:12     | Found a transporter.
 19770 | D:12     | Found a deep blue altar of Sif Muna.
 19938 | D:12     | Found a staircase to the Orcish Mines.
 20578 | D:13     | Received a gift from Okawaru
 20884 | D:13     | Found a gate to the Vaults.
 21322 | D:13     | Noticed a frost giant
 21346 | D:13     | Killed a frost giant
 21486 | Orc:1    | Entered Level 1 of the Orcish Mines
 21543 | Orc:1    | Noticed Nergalle
 21543 | Orc:1    | Noticed an orc warlord
 21683 | D:12     | Killed an orc warlord
 21884 | Orc:1    | Killed Nergalle
 22097 | Orc:1    | Found a roughly hewn altar of Beogh.
 22184 | Orc:1    | Found Roxzyohe's Food Shop.
 22387 | Orc:2    | Entered Level 2 of the Orcish Mines
 22432 | Orc:2    | Found a staircase to the Elven Halls.
 23142 | Orc:2    | Received a gift from Okawaru
 23145 | Orc:2    | Got a faintly humming hat {god gift}
 23156 | Orc:2    | Identified the +3 hat of Okawaru's Condemnation {Dex+4}
                  | (Okawaru gifted it to you on level 2 of the Orcish Mines)
 23174 | Orc:2    | Found a roughly hewn altar of Beogh.
 23175 | Orc:2    | Found Fuggiapn's Food Shop.
 23277 | Orc:2    | Noticed an orc warlord
 23341 | Orc:2    | Killed an orc warlord
 23807 | Orc:2    | Paralysed by an orc sorcerer for 3 turns
 23837 | Orc:2    | Reached XP level 15. HP: 97/139 MP: 8/19
 23841 | Orc:2    | Found Ugolouxo's Antique Armour Emporium.
 23857 | Orc:2    | Found Pow Jomo's Antique Weapon Shoppe.
 23858 | Orc:2    | Found a roughly hewn altar of Beogh.
 23870 | Orc:2    | Bought a smoking scimitar for 207 gold pieces
 23900 | Orc:2    | Found a roughly hewn altar of Beogh.
 23935 | Orc:2    | Found a roughly hewn altar of Beogh.
 23956 | Orc:2    | Found Ybups's Distillery.
 23991 | Orc:2    | Found a roughly hewn altar of Beogh.
 24063 | Orc:2    | Identified the cursed +2 scimitar "Laprutef" {pain, Str+4}
                  | (You bought it in a shop on level 2 of the Orcish Mines)
 24832 | D:5      | Bought a scroll of acquirement for 624 gold pieces
 25096 | D:14     | Noticed Frances
 25115 | D:14     | Gained mutation: Your magical capacity is low. (-10% MP) [a
                  | neqoxec]
 25116 | D:14     | Killed Frances
 25116 | D:14     | Reached skill level 15 in Fighting
 25333 | D:14     | Reached skill level 15 in Long Blades
 25882 | D:15     | Entered Level 15 of the Dungeon
 25955 | D:15     | Noticed Azrael
 25972 | D:15     | Received a gift from Okawaru
 25981 | D:15     | Killed Azrael
 26053 | D:15     | Found a staircase to the Depths.
 26053 | D:15     | Noticed a fire giant
 26320 | D:15     | Found a deep blue altar of Sif Muna.
 26584 | D:15     | Found a runed door.
 26832 | D:15     | Found a blossoming altar of Fedhas.
 26950 | D:15     | Found the +4 arc blade {discharge, rElec}
 27386 | Snake:1  | Entered Level 1 of the Snake Pit
 27732 | Snake:1  | Found a transporter.
 27865 | Snake:1  | Noticed Josephine
 27869 | Snake:1  | Noticed Kirke
 27890 | Snake:1  | Killed Josephine
 27900 | Snake:1  | Killed Kirke
 28625 | Snake:1  | Found a transporter.
 28729 | Snake:1  | Noticed Agnes
 28737 | Snake:1  | Killed Agnes
 28737 | Snake:1  | Received a gift from Okawaru
 28984 | Snake:2  | Reached XP level 16. HP: 136/150 MP: 16/18
 30467 | Snake:3  | Reached skill level 16 in Fighting
 31258 | Snake:4  | Entered Level 4 of the Snake Pit
 31341 | Snake:4  | Reached skill level 15 in Shields
 31374 | Snake:4  | Reached skill level 15 in Armour
 31391 | Snake:4  | Received a gift from Okawaru
 32123 | Snake:4  | Received a gift from Okawaru
 32248 | Snake:4  | Got a serpentine rune of Zot
 32270 | Snake:4  | Reached XP level 17. HP: 122/159 MP: 16/19
 33147 | Shoals:1 | Entered Level 1 of the Shoals
 33409 | Shoals:1 | Found a runed gate.
 33410 | Shoals:1 | Found an opulent altar of Gozag.
 33411 | Shoals:1 | Found a runed gate.
 33411 | Shoals:1 | Found a runed gate.
 33411 | Shoals:1 | Noticed Spyer's ghost (journeyman MiBe)
 33424 | Shoals:1 | Received a gift from Okawaru
 34451 | Shoals:2 | Noticed Roxanne
 34499 | Shoals:2 | Found Semoll's Distillery.
 34895 | Shoals:2 | Reached skill level 17 in Fighting
 35309 | Shoals:3 | Noticed Ilsuiw
 35759 | Shoals:2 | Killed Ilsuiw
 36184 | Shoals:3 | Received a gift from Okawaru
 36194 | Shoals:3 | Got a transparent scimitar {god gift}
 36201 | Shoals:2 | Identified the +1 scimitar "Ogrebane" {speed, Fragile rPois
                  | MR++ SInv} (Okawaru gifted it to you on level 3 of the
                  | Shoals)
 36621 | Shoals:3 | Noticed a kraken
 36897 | Shoals:3 | Noticed a kraken
 37159 | Shoals:3 | Killed a kraken
 37214 | Shoals:3 | Killed a kraken
 37531 | Shoals:3 | Noticed a kraken
 37550 | Shoals:3 | Killed a kraken
 37557 | Shoals:3 | Noticed a kraken
 37583 | Shoals:3 | Killed a kraken
 37915 | Shoals:4 | Entered Level 4 of the Shoals
 37949 | Shoals:3 | Reached XP level 18. HP: 51/171 MP: 11/20
 38366 | Shoals:3 | Received a gift from Okawaru
 38366 | Shoals:3 | Reached skill level 18 in Fighting
 38621 | Shoals:4 | Noticed Polyphemus
 38722 | Shoals:3 | Killed Polyphemus
 39103 | Shoals:4 | Identified the Incunabulum of the Rocks and Cold
 39507 | Shoals:4 | Got a barnacled rune of Zot
 39796 | Vaults:1 | Entered Level 1 of the Vaults
 40126 | Vaults:1 | Received a gift from Okawaru
 40241 | Vaults:1 | Reached skill level 15 in Dodging
 40324 | Vaults:1 | Reached skill level 19 in Fighting
 41139 | Vaults:1 | Found Poatagh's Magic Scroll Shoppe.
 41145 | Vaults:1 | Bought a scroll of brand weapon for 380 gold pieces
 41145 | Vaults:1 | Bought a scroll of enchant weapon for 142 gold pieces
 41145 | Vaults:1 | Bought a scroll of enchant armour for 142 gold pieces
 42157 | Vaults:2 | Noticed a Tzitzimitl
 42430 | Vaults:2 | Reached XP level 19. HP: 157/183 MP: 17/21
 42766 | Vaults:2 | Received a gift from Okawaru
 43180 | Vaults:2 | Reached skill level 20 in Fighting
 43509 | Vaults:2 | Noticed a lich
 43515 | Vaults:2 | Killed a lich
 43515 | Vaults:2 | Received a gift from Okawaru
 43649 | Vaults:3 | Received a gift from Okawaru
 44221 | Vaults:3 | Got a warped plate armour
 44222 | Vaults:3 | Identified the +1 plate armour "Vuuxiyp" {rF+ Dex+5 Stlth-}
                  | (You found it on level 3 of the Vaults)
 44365 | Vaults:3 | Received a gift from Okawaru
 44365 | Vaults:3 | Reached XP level 20. HP: 168/195 MP: 22/22
 44370 | Vaults:3 | Got a brightly glowing great sword {god gift}
 44377 | Vaults:3 | Identified the +7 great sword "Gafihulu" {flame, Dex+2}
                  | (Okawaru gifted it to you on level 3 of the Vaults)
 44382 | Vaults:3 | Reached skill level 21 in Fighting
 45246 | Vaults:3 | Found a staircase to the Crypt.
 45246 | Vaults:3 | Found a basalt altar of Yredelemnul.
 45247 | Vaults:3 | Found an ancient bone altar of Kikubaaqudgha.
 45526 | Vaults:1 | Received a gift from Okawaru
 46148 | Depths:1 | Entered Level 1 of the Depths
 46461 | Depths:1 | Noticed Saint Roka
 46519 | Depths:1 | Noticed Nikola
 46989 | D:15     | Killed Saint Roka
 47162 | Depths:1 | Killed Nikola
 47445 | Depths:1 | Found a gateway to Hell.
 48027 | Depths:1 | Found a runed gate.
 48027 | Depths:1 | Found a runed gate.
 48027 | Depths:1 | Found a runed gate.
 48027 | Depths:1 | Found a runed gate.
 48027 | Depths:1 | Found a runed gate.
 48027 | Depths:1 | Found a runed gate.
 48028 | Depths:1 | Found the +2 Maxwell's thermic engine {flame, freeze}
 48112 | Depths:1 | Reached skill level 22 in Fighting
 48174 | Depths:1 | Received a gift from Okawaru
 48627 | Depths:1 | Reached XP level 21. HP: 149/209 MP: 19/23
 49961 | Depths:2 | Received a gift from Okawaru
 50862 | Depths:2 | Noticed a juggernaut
 50874 | Depths:2 | Killed a juggernaut
 50937 | Depths:2 | Reached skill level 23 in Fighting
 50989 | Depths:2 | Received a gift from Okawaru
 51792 | Depths:2 | Found a one-way gate leading to the halls of Pandemonium.
 51949 | Depths:3 | Noticed Jory
 51970 | Depths:3 | Killed Jory
 52143 | Depths:3 | Received a gift from Okawaru
 52362 | Depths:3 | Noticed Mennas
 52422 | Depths:3 | Killed Mennas
 52671 | Depths:3 | Reached XP level 22. HP: 191/221 MP: 20/23
 53757 | Depths:4 | Reached skill level 24 in Fighting
 53815 | Depths:4 | Received a gift from Okawaru
 53816 | Depths:4 | Got an ancient chain mail {god gift}
 53827 | Depths:4 | Identified the +1 chain mail of Catatonia {rElec Str+2
                  | Int+2} (Okawaru gifted it to you on level 4 of the Depths)
 53991 | Depths:4 | Found a one-way gate to the infinite horrors of the Abyss.
 54822 | Depths:4 | Got a brightly glowing bone ring
 55111 | Depths:5 | Entered Level 5 of the Depths
 55688 | Depths:5 | Noticed a juggernaut
 55697 | Depths:5 | Killed a juggernaut
 55712 | Depths:5 | Received a gift from Okawaru
 55770 | Depths:5 | Got a dazzling shield {god gift}
 55951 | Depths:4 | Identified the ring of Cibba {*Contam rPois rC+ EV+2} (You
                  | found it on level 4 of the Depths)
 55952 | Depths:4 | Identified the +3 shield "Witzaw" {Int+3 Stlth+} (Okawaru
                  | gifted it to you on level 5 of the Depths)
 55982 | Depths:5 | Noticed a juggernaut
 55997 | Depths:5 | Killed a juggernaut
 56139 | Depths:5 | Found a gate to the Realm of Zot.
 56165 | Depths:5 | Reached XP level 23. HP: 199/232 MP: 20/24
 56208 | Depths:5 | Noticed Sojobo
 56234 | Depths:5 | Killed Sojobo
 56238 | Depths:5 | Reached skill level 25 in Fighting
 56849 | Depths:5 | Found a gateway to a ziggurat.
 57448 | Elf:1    | Entered Level 1 of the Elven Halls
 57541 | Elf:1    | Found Yrrilar's Gadget Shoppe.
 57542 | Elf:1    | Found Lunnox's Jewellery Boutique.
 57543 | Elf:1    | Found Daer's Gadget Shoppe.
 57595 | Elf:1    | Received a gift from Okawaru
 57618 | Elf:1    | Got a distressingly furry plate armour {god gift}
 57629 | Elf:1    | Identified the +6 plate armour of Izuil {rC- rN++ Str+8
                  | Int-4} (Okawaru gifted it to you on level 1 of the Elven
                  | Halls)
 57651 | Elf:1    | Identified the Papyrus of Conjuration
 58591 | Elf:2    | Found Tunu's Gadget Boutique.
 58600 | Elf:2    | Bought a wand of digging (14) for 396 gold pieces
 58655 | Elf:2    | Found a huge runed gate.
 58655 | Elf:2    | Found a huge runed gate.
 58655 | Elf:2    | Found a huge runed gate.
 58655 | Elf:2    | Found a huge runed gate.
 58659 | Elf:2    | Found a huge runed gate.
 59180 | Elf:3    | Entered Level 3 of the Elven Halls
 59452 | Elf:3    | Received a gift from Okawaru
 60011 | Elf:3    | Got a steaming bronze ring
 60108 | Elf:3    | Reached skill level 26 in Fighting
 60569 | Elf:3    | Reached XP level 24. HP: 236/245 MP: 24/24
 60605 | Elf:3    | Got a brightly glowing wooden ring
 60764 | Elf:3    | Got an iridescent broad axe {pain}
 60765 | Elf:3    | Identified the cursed +1 broad axe of Strategic Superiority
                  | {pain, rC- Str+2 Dex+5} (You took it off a deep elf high
                  | priest on level 3 of the Elven Halls)
 60917 | Elf:3    | Identified the ring of the Rabble {Int+5 SInv} (You took it
                  | off a deep elf mage on level 3 of the Elven Halls)
 60918 | Elf:3    | Identified the ring "Olepar" {+Fly rC++ Str-3 Dex+2 Stlth-}
                  | (You took it off a deep elf blademaster on level 3 of the
                  | Elven Halls)
 60962 | Elf:3    | Identified the Catalogue of Arcane Weapons
 60991 | Elf:3    | Identified Sif Muna's Compendium of Displaced Envenoming
 61592 | Vaults:4 | Got a pair of polished gloves
 61603 | Vaults:4 | Identified the +3 pair of gloves "Zewor" {-Tele rF- rN+++
                  | MR+++} (You found it on level 4 of the Vaults)
 61814 | Elf:1    | Bought an uncursed ring of fire for 375 gold pieces
 62050 | Vaults:4 | Received a gift from Okawaru
 62060 | Vaults:4 | Got a brightly glowing hat {god gift}
 62071 | Vaults:4 | Identified the +1 hat of Okawaru's Condemnation {rC+ Int+4}
                  | (Okawaru gifted it to you on level 4 of the Vaults)
 63247 | Vaults:5 | Entered Level 5 of the Vaults
 63250 | Vaults:5 | Noticed an ancient lich
 63277 | Vaults:5 | Killed an ancient lich
 63277 | Vaults:5 | Reached skill level 27 in Fighting
 63315 | Vaults:5 | Gained mutation: Potions are less effective at restoring
                  | your health. [a neqoxec]
 63335 | Vaults:5 | Received a gift from Okawaru
 63691 | Vaults:5 | HP: 4/249 [balrug/divine providence[a deep elf
                  | demonologist] (10)]
 63699 | Vaults:5 | Killed from afar by a Brimstone Fiend

Skill      XL: |  1  2  3  4  5  6  7  8  9 10 11 12 13 14 15 16 17 18 19 20 21 22 23 24 |
---------------+-------------------------------------------------------------------------+-----
Fighting       | 4 5 6 7 9 10 11 12 14 15 16 17 19 20 22 23 24 26 27 | 27.0
Armour         | 4 5 6 7 9 10 11 12 13 14 15 16 17 18 19 20 21 22 | 22.5
Shields        | 4 5 6 7 9 10 11 12 13 14 15 | 15.7
Long Blades    | 3 4 5 6 7 8 9 10 11 12 14 16 17 18 19 20 21 22 23 24 | 24.0
Dodging        | 1 6 8 9 10 11 12 13 14 15 16 17 18 19 20 | 20.6
Invocations    | 4 7 |  7.6

Action                   |  1- 3 |  4- 6 |  7- 9 | 10-12 | 13-15 | 16-18 | 19-21 | 22-24 || total
-------------------------+-------+-------+-------+-------+-------+-------+-------+-------++-------
Melee: Long sword        |   120 |   165 |   387 |    75 |       |       |       |       ||   747
       Headbutt          |    11 |    36 |    92 |   289 |   722 |   401 |   466 |   368 ||  2385
       Falchion          |       |       |       |   812 |  1637 |       |       |       ||  2449
       Scimitar          |       |       |       |     8 |       |       |       |       ||     8
       Demon whip        |       |       |       |       |    98 |       |       |       ||    98
       Quick blade       |       |       |       |       |     4 |       |       |       ||     4
       Double sword      |       |       |       |       |   455 |  1730 |  1540 |  1407 ||  5132
       Great sword       |       |       |       |       |       |       |     4 |       ||     4
Throw: Javelin           |       |       |       |       |       |       |     1 |       ||     1
Invok: Heroism           |       |       |     1 |     4 |    12 |     7 |     4 |     4 ||    32
       Finesse           |       |       |       |       |     5 |     1 |     2 |     2 ||    10
  Use: Scroll            |       |     8 |     5 |    12 |    19 |    12 |     3 |    19 ||    78
       Potion            |       |     1 |     1 |     1 |     1 |       |     1 |     7 ||    12
 Stab: Paralysed         |       |       |       |     4 |       |       |       |       ||     4
       Confused          |       |       |       |     1 |       |       |       |       ||     1
       Petrified         |       |       |       |       |       |     4 |       |       ||     4
       Distracted        |       |       |       |       |       |       |       |     2 ||     2
  Eat: Chunk             |       |     6 |     8 |    25 |    12 |     3 |     4 |    15 ||    73
       Ration            |       |       |     1 |       |    11 |    14 |     8 |     6 ||    40
Armor: Scale mail        |    68 |       |       |    69 |    24 |       |       |       ||   161
       Chain mail        |    14 |       |       |       |       |       |       |       ||    14
       Plate armour      |       |    84 |   120 |   110 |       |       |       |       ||   314
       Crystal plate arm |       |       |       |       |   653 |   779 |   537 |   530 ||  2499
Dodge: Dodged            |    37 |    23 |    47 |   202 |   486 |   480 |   463 |   450 ||  2188
       Deflected         |       |       |       |     1 |    10 |       |       |       ||    11
Block: Shield            |    66 |   108 |   322 |   739 |  1988 |  1868 |  1344 |  1172 ||  7607
       Reflection        |       |       |     5 |    13 |    99 |   177 |   106 |    82 ||   482
       Rpst.: Long sword |    12 |     4 |    16 |     5 |       |       |       |       ||    37
       Falchion          |       |       |       |    52 |    82 |       |       |       ||   134
       Double sword      |       |       |       |       |    23 |    81 |    83 |    68 ||   255
